AoeStats
← scout

Arena

510398496Analyzed
4v4 RM · 21h ago on Sep 30, 2026· 47m 24s· 8 players
Game mode
Random Map
Map size
Large (8 player)
Population
200
Speed
Normal
Resources
Standard
Victory
Conquest
Starting age
Dark Age
Ending age
Imperial Age
RankedLock teamsTeams togetherTeam positionsShared explorationLock speedFull tech treeHidden civsTurbo modeCheats
Victory
Defeat
🇩🇪 Inca · Germany
1821
+13
🇬🇧 Vietnamese · United Kingdom
1815
+13
🇸🇪 Khitans · Sweden
1631
+20
🇨🇳 Georgians · China
1589
+21
🇨🇭 Cumans · Switzerland
1819
-20
🇨🇳 Malians · China
1723
-16
🇫🇷 Romans · France
1719
-16
🇪🇨 Mongols · Ecuador
1686
-15
[BÜN] Schmirgel
8:41 Feudal Age
9:38 Double-Bit Axe
9:34 Horse Collar
15:39 Wheelbarrow
16:13 Loom
19:12 Castle Age
17:48 Gold Mining
17:57 Stone Mining
20:57 Gold Shaft Mining
23:40 Imperial Age
21:36 Fletching
21:46 Padded Archer Armor
22:40 Ballistics
22:59 Bow Saw
22:48 Bodkin Arrow
23:48 Leather Archer Armor
23:54 Heavy Plow
25:28 Chemistry
26:05 Conscription
28:02 Ring Archer Armor
27:44 Masonry
29:49 Elite Kipchak
31:22 Bloodlines
32:17 Parthian Tactics
32:36 Thumb Ring
35:25 Coinage
35:07 Guilds
38:07 Scale Barding Armor
38:13 Forging
40:38 Chain Barding Armor
40:53 Iron Casting
42:19 Two-Man Saw
43:02 Caravan
43:58 Plate Barding Armor
44:24 Blast Furnace
43:46 Cavalier
OGN
10:12 Feudal Age
14:06 Castle Age
12:22 Double-Bit Axe
13:05 Horse Collar
15:31 Bow Saw
21:23 Wheelbarrow
21:05 Heavy Plow
21:47 Loom
22:54 Hand Cart
22:24 Town Watch
23:05 Gold Mining
26:56 Imperial Age
25:16 Scale Mail Armor
26:10 Gold Shaft Mining
25:25 Stone Mining
26:25 Chain Mail Armor
26:21 Forging
26:12 Squires
25:36 Pikeman
25:43 Man-at-Arms
26:46 Long Swordsman
28:17 Iron Casting
27:08 Capped Ram
27:43 Legionary
30:05 Blast Furnace
29:31 Pikeman
30:50 Redemption
31:18 Block Printing
30:44 Halberdier
31:47 Conscription
33:33 Comitatenses
38:57 Illumination
38:32 Devotion
38:33 Atonement
40:03 Scale Barding Armor
43:42 Husbandry
43:53 Bloodlines
43:04 Cavalier
43:05 Light Cavalry
44:06 Chain Barding Armor
43:32 Heavy Scorpion
44:34 Ballistics
45:14 Chemistry
44:21 Siege Engineers
胖子事情多
11:11 Feudal Age
11:59 Town Watch
14:52 Castle Age
12:42 Double-Bit Axe
14:38 Horse Collar
16:31 Bow Saw
16:46 Town Watch
18:40 Loom
23:48 Wheelbarrow
23:37 Scale Mail Armor
24:23 Forging
31:49 Fortified Wall
35:43 Imperial Age
34:36 Masonry
34:21 Fletching
35:42 Ballistics
37:33 Chemistry
35:57 Elite Skirmisher
36:42 Thumb Ring
38:42 Thumb Ring
46:31 Pikeman
Kaladin Stormblessed
9:40 Feudal Age
13:46 Castle Age
11:57 Double-Bit Axe
12:40 Horse Collar
15:02 Bow Saw
20:51 Wheelbarrow
20:02 Town Watch
22:29 Hand Cart
28:44 Imperial Age
26:01 Loom
26:36 Gold Mining
27:00 Fletching
27:23 Stone Mining
27:57 Bodkin Arrow
28:03 Padded Archer Armor
28:24 Bloodlines
28:38 Heavy Plow
29:10 Leather Archer Armor
29:26 Bracer
30:36 Chemistry
30:06 Parthian Tactics
30:39 Elite Mangudai
32:09 Husbandry
32:16 Thumb Ring
33:42 Drill
33:44 Conscription
32:57 Onager
34:37 Hoardings
34:58 Ballistics
34:52 Masonry
34:58 Siege Engineers
36:54 Siege Onager
38:16 Masonry
39:23 Scale Barding Armor
39:28 Forging
xGusZx24
10:13 Feudal Age
14:04 Castle Age
12:03 Double-Bit Axe
12:31 Domestication
15:03 Bow Saw
18:50 Town Watch
21:30 Wheelbarrow
23:46 Hand Cart
24:36 Loom
29:21 Imperial Age
27:05 Pikeman
27:46 Squires
27:32 Gambesons
27:32 Arson
27:48 Scale Mail Armor
27:58 Forging
30:38 Conscription
30:52 Lamellar Armor
30:48 Gold Mining
31:44 Fletching
31:55 Padded Archer Armor
32:57 Chemistry
32:21 Elite Skirmisher
34:02 Bodkin Arrow
34:22 Leather Archer Armor
35:28 Heavy Rocket Cart
36:31 Ballistics
36:44 Bracer
37:14 Ring Archer Armor
37:41 Elite Liao Dao
38:43 Thumb Ring
37:59 Imperial Skirmisher
39:44 Chain Mail Armor
40:04 Iron Casting
41:36 Plate Mail Armor
43:41 Scale Barding Armor
45:17 Chain Barding Armor
45:28 Ordo Cavalry
45:37 Siege Engineers
45:42 Masonry
45:28 Murder Holes
45:14 Treadmill Crane
45:44 Fortified Wall
47:14 Coinage
46:44 Caravan
46:55 Guilds
47:26 Husbandry
46:47 Light Cavalry
48:31 Plate Barding Armor
洛莉
10:43 Feudal Age
14:33 Castle Age
12:37 Double-Bit Axe
12:43 Horse Collar
15:27 Bow Saw
15:18 Heavy Plow
21:52 Wheelbarrow
21:02 Loom
24:35 Gold Mining
24:37 Stone Mining
25:36 Hand Cart
29:24 Imperial Age
26:55 Scale Mail Armor
27:05 Forging
27:33 Stone Shaft Mining
27:21 Scale Barding Armor
28:37 Chain Mail Armor
29:18 Iron Casting
29:55 Bloodlines
29:45 Husbandry
30:44 Conscription
30:46 Chain Barding Armor
32:44 Blast Furnace
32:20 Plate Barding Armor
32:47 Blast Furnace
33:50 Crop Rotation
33:32 Elite Monaspa
36:38 Aznauri Cavalry
36:35 Fletching
37:11 Masonry
37:49 Bodkin Arrow
40:35 Hoardings
41:05 Chemistry
42:13 Ballistics
42:25 Architecture
43:49 Bracer
43:50 Padded Archer Armor
44:34 Elite Skirmisher
46:28 Leather Archer Armor
scout
10:48 Feudal Age
11:53 Horse Collar
14:23 Castle Age
12:43 Double-Bit Axe
15:27 Bow Saw
15:21 Heavy Plow
17:41 Wheelbarrow
19:14 Loom
20:51 Town Watch
25:42 Imperial Age
24:45 Masonry
25:49 Hand Cart
25:52 Fortified Wall
26:20 Onager
28:18 Gold Mining
30:30 Siege Engineers
31:12 Conscription
31:50 Gold Shaft Mining
31:16 Fletching
32:02 Ballistics
32:06 Scale Mail Armor
32:17 Forging
32:47 Pikeman
33:35 Squires
33:23 Pikeman
34:20 Chain Mail Armor
35:46 Halberdier
36:36 Devotion
37:21 Crop Rotation
37:34 Caravan
38:52 Plate Mail Armor
38:57 Iron Casting
39:53 Treadmill Crane
40:52 Hoardings
43:15 Coinage
43:34 Iron Casting
42:49 Champi Runner
44:57 Champi Warrior
46:19 Banking
45:45 Elite Champi Warrior
48:09 Blast Furnace
47:44 Fabric Shields
Torpedo
12:01 Feudal Age
15:43 Castle Age
13:50 Double-Bit Axe
13:46 Horse Collar
15:22 Fletching
16:28 Heavy Plow
16:38 Bow Saw
17:29 Wheelbarrow
20:49 Loom
21:09 Fletching
21:41 Ballistics
21:46 Bodkin Arrow
22:27 Padded Archer Armor
23:41 Ballistics
23:36 Town Watch
23:47 Gold Mining
25:01 Leather Archer Armor
31:31 Imperial Age
29:36 Hand Cart
29:16 Stone Mining
31:14 Masonry
31:00 Murder Holes
30:45 Treadmill Crane
31:56 Thumb Ring
32:14 Bracer
33:15 Chemistry
31:57 Treadmill Crane
32:13 Murder Holes
32:49 Ring Archer Armor
32:02 Elite Rattan Archer
34:07 Two-Man Saw
33:39 Crop Rotation
33:41 Bloodlines
34:25 Siege Engineers
34:34 Guilds
34:21 Sappers
35:27 Hoardings
35:17 Light Cavalry
35:58 Husbandry
36:03 Scale Barding Armor
36:09 Forging
37:34 Chain Barding Armor
38:49 Iron Casting
39:10 Plate Barding Armor
39:16 Chatras
39:30 Elite Battle Elephant
44:16 Stone Shaft Mining
45:34 Paper Money
Connection lost

Rejoining the realm…

Still unreachable

The connection could not be restored.

Session expired

The server has moved on; the page needs a fresh start.